 Dungeon Crawl Stone Soup version 0.19-a0-1260-gc94d3f7 (webtiles) character file.

11575 Gorice the Jinx (level 12, -3/51 HPs)
             Began as a Kobold Enchanter on Aug 28, 2016.
             Was a High Priest of Okawaru.
             Killed from afar by a wretched star (26 damage)
             ... with an orb of energy
             ... on level 1 of the Abyss.
             The game lasted 01:53:44 (18006 turns).

Gorice the Jinx (Kobold Enchanter)                 Turns: 18006, Time: 01:53:47

Health: -3/51      AC:  8    Str:  7    XL:     12   Next: 9%
Magic:  23/24      EV: 20    Int: 13    God:    Okawaru [*****.]
Gold:   936        SH:  0    Dex: 17    Spells: 5 memorised, 3 levels left

rFire  . . .     SeeInvis +     a - +2 dagger
rCold  . . .     Gourm    .     y - +1 leather armour {rPois}
rNeg   . . .     Faith    .     (shield restricted)
rPois  +         Spirit   .     p - +1 hat {MR+}
rElec  .         Dismiss  .     (no cloak)
rCorr  .         Reflect  .     o - +1 pair of gloves
MR     +....     Harm     .     J - +0 pair of boots
Stlth  ++++......               (no amulet)
                                A - ring of see invisible
                                e - ring of magical power

@: about to teleport
A: blurry vision 2, carnivore 3, deterioration 2, dopey 2, frail 3
a: Heroism, Finesse, Renounce Religion


You were on level 1 of the Abyss.
You worshipped Okawaru.
Okawaru was extremely pleased with you.
You were hungry.

You visited 2 branches of the dungeon, and saw 12 of its levels.
You visited the Abyss 1 time.
You also visited: Sewer and Bailey.

You collected 1187 gold pieces.
You spent 251 gold pieces at shops.

Inventory:

Hand Weapons
 a - a +2 dagger (weapon)
 b - a +4 morningstar of protection
   (You found it on level 6 of the Dungeon)
 B - a +0 blowgun
Missiles
 f - 49 poisoned needles
 G - 10 tomahawks (quivered)
 T - 2 curare-tipped needles
 X - 8 tomahawks of dispersal
 Y - 10 throwing nets
Armour
 o - a +1 pair of gloves (worn)
 p - a +1 hat of magic resistance (worn)
   (Okawaru gifted it to you on level 10 of the Dungeon)
 y - a +1 leather armour of poison resistance (worn)
   (You found it on level 9 of the Dungeon)
 J - a +0 pair of boots (worn)
Jewellery
 e - a ring of magical power (left hand)
 j - an uncursed ring of positive energy
 s - a +3 ring of slaying
 z - an uncursed ring of fire
 A - a ring of see invisible (right hand)
 H - an uncursed ring of ice
 N - an uncursed ring of positive energy
Wands
 c - a wand of enslavement (9/24)
 g - a wand of teleportation (3/9) {!d}
 x - a wand of lightning (14/15)
 M - a wand of polymorph (10/24)
 Q - a wand of flame (28/48)
 S - a wand of digging (6/24)
 V - a wand of paralysis (10/24)
Scrolls
 r - 3 scrolls of remove curse
 u - 2 scrolls of fog
 C - 3 scrolls of identify
 K - a scroll of magic mapping {!r}
 L - 2 scrolls of fear {!r}
Potions
 h - 2 potions of berserk rage
 k - a potion of resistance {!q}
 l - 3 potions of ambrosia
 m - 2 potions of haste {!q}
 n - 3 potions of heal wounds {!q}
 q - 2 potions of lignification {!q}
 t - a potion of brilliance {!q}
 v - 3 potions of might {!q}
 I - 3 potions of cure mutation {!q}
 P - a potion of cancellation {!q}
 R - a potion of flight
Books
 w - a book of Annihilations
 D - a book of Beasts
Comestibles
 d - 5 meat rations {!e}
 i - 3 beef jerkies


   Skills:
 - Level 8.2 Fighting
 - Level 8.0 Short Blades
 - Level 4.1 Throwing
 - Level 8.4 Dodging
 * Level 7.6 Stealth
 - Level 2.0 Spellcasting
 + Level 12.7 Hexes
 - Level 2.0 Invocations


You had 3 spell levels left.
You knew the following spells:

 Your Spells              Type           Power        Failure   Level  Hunger
a - Corona                Hex            ####...      1%          1    ##.....
b - Confuse               Hex            ####....     1%          3    ####...
c - Ensorcelled Hibernat  Hex/Ice        ###...       6%          2    ###....
d - Tukima's Dance        Hex            ####....     1%          3    ####...
e - Dazzling Spray        Conj/Hex       ###...       12%         3    ####...


Dungeon Overview and Level Annotations

Branches:
Dungeon (11/15)            Temple (1/1) D:4             Orc (0/2) D:9
   Lair: D:8-11

Altars:
Ashenzari
Cheibriados
Dithmenos
Elyvilon
Fedhas
Gozag
Hepliaklqana
Kikubaaqudgha
Makhleb
Nemelex Xobeh
Okawaru
Qazlal
Ru
Sif Muna
Trog
Uskayaw
Vehumet
Xom
Yredelemnul
Zin
The Shining One

Shops:
D:5 ?   D:11 =

Annotations:
D:9 pUX: ogre lair needs flight/dig
D:11 Sonja


Innate Abilities, Weirdness & Mutations

You are small and have problems with some larger weapons.
You are carnivorous and can eat meat at any time.
[Scrolls take you longer to read.]
[Your body often deteriorates upon taking damage.]
[You are very dopey. (Int -4)]
[You are extremely frail. (-30% HP)]


Message History

Press: ? - help, Shift-Dir - straight line, f - rakshasa
Aim: a rakshasa, wielding a trident and wearing a robe (chance to defeat MR: 0%)
The rakshasa resists with almost no effort.
The rakshasa hits you with a trident!
Damage: 9 (max 13)
Casting: Confuse
Confirm with . or Enter, or press ? or * to list all spells.
Aiming: Tukima's Dance
Press: ? - help, Shift-Dir - straight line, f/p - rakshasa
Aim: a rakshasa, wielding a trident and wearing a robe (chance to defeat MR: 1%)
Okay, then.
The rakshasa misses you.
You gain the combat prowess of a mighty hero.
The rakshasa hits you from afar with a trident!
Damage: 9 (max 13)
A wretched star comes into view.
The rakshasa weaves an illusion.
You are feeling hungry.
The wretched star pulses with an eldritch light!
You feel frail. x2; You feel yourself wasting away.
You feel your body start to fall apart. The rakshasa gestures at you.
The orb of energy misses you.
The wretched star glows turbulently.
The orb of energy hits you!
* * * LOW HITPOINT WARNING * * *
The orb of energy explodes!
You hear a shout!
Damage: 26 (max 26)
The wretched star pulses with an eldritch light!
Your vision blurs. x2
The wretched star pulses with an eldritch light!
You feel stupid. x2
You feel like a meek peon again.
Evoke which item? (* to show all) (? for menu, Esc to quit)
Zapping:
g - a wand of teleportation (4/9) {!d}
Press: ? - help, Shift-Dir - straight line, f - you You feel strangely unstable.
You feel the power of the Abyss delaying your translocation!
This wand has 3 charges left.
The wretched star pulses with an eldritch light!
You feel frail.
The rakshasa blinks!
The ufetubus misses you.
The ufetubus hits you but does no damage.
The wretched star glows turbulently.
The orb of energy hits the ufetubus.
The ufetubus dies!
The orb of energy explodes!
The mystic blast hits you!
Ouch! That really hurt!
You die...

.. .. .######
#....... ........
##....... .
###........ ###
#..@....... #. . #
########...###### .
#.####.
#.R..##..... .#
.#..#.
.###...##....
.#........###.#ยง##
.##.# ..#.#
.#R..##.*## . # #
.#.# ##.. #... # ..
##....#..5.#..#
.... .. # .##...#


You could see a wretched star and a rakshasa.

Vanquished Creatures
  2 hill giants (D:10)
  A worldbinder (Abyss:1)
  An orange demon (Abyss:1)
  A gargoyle (D:10)
  4 kobold demonologists (D:10)
  The ghost of 4thArraOfDagon the Cutter, an amateur HaWn of Ashenzari (D:8)
  2 ynoxinuls (Abyss:1)
  A wyvern (D:10)
  6 yaks (D:10)
  2 hippogriffs (D:10)
  A hungry ghost (D:8)
  A dancing weapon (D:7)
  4 ice beasts
  3 sky beasts
  2 orc warriors
  2 black bears
  An eye of draining (D:10)
  A phantom (D:8)
  7 ogres
  The ghost of Shenda the Slasher, an amateur FoFi (D:3)
  3 centaurs
  8 big kobolds
  4 giant frogs
  5 gnoll sergeants (Bailey)
  A wyvern skeleton (D:7)
  3 scorpions
  13 killer bees
  5 wights
  2 jellies
  2 howler monkeys
  5 crimson imps
  A quasit (D:7)
  A centaur zombie (D:7)
  7 hounds
  3 giant frog skeletons
  10 orc priests
  4 gnoll shamans (Bailey)
  A centaur skeleton (D:6)
  4 orc wizards
  4 iguanas
  3 worker ants
  A killer bee zombie (D:7)
  11 gnolls
  A worker ant zombie (D:7)
  7 river rats
  16 adders
  A shadow imp (D:7)
  6 oozes
  2 adder skeletons
  8 worms
  6 giant geckos
  30 orcs
  8 giant cockroaches
  10 goblins
  6 hobgoblins
  2 jackals (D:6)
  25 kobolds
  7 quokkas
  8 ball pythons
  7 bats
  8 giant newts
  A quokka skeleton (D:6)
  A quokka zombie (D:5)
  11 rats
316 creatures vanquished.

Vanquished Creatures (collateral kills)
  A hill giant (D:10)
  A two-headed ogre (D:10)
  3 orc warriors
  An ogre (D:9)
  3 gnoll sergeants (Bailey)
  2 wights
  2 gnoll shamans (Bailey)
  6 gnolls
  4 orcs
23 creatures vanquished.

Vanquished Creatures (others)
  6 dancing weapons
  An ufetubus (Abyss:1)
7 creatures vanquished.

Grand Total: 346 creatures vanquished

Notes
Turn   | Place    | Note
-------+----------+-------------------------------------------
     0 | D:1      | Gorice the Kobold Enchanter began the quest for the Orb.
     0 | D:1      | Reached XP level 1. HP: 10/10 MP: 3/3
   244 | D:1      | Reached skill level 2 in Short Blades
   244 | D:1      | Reached XP level 2. HP: 13/15 MP: 3/5
   391 | D:1      | HP: 3/15 [hobgoblin (5)]
   393 | D:1      | HP: 1/15 [hobgoblin (2)]
   777 | D:1      | Reached skill level 3 in Short Blades
   901 | D:1      | Reached XP level 3. HP: 19/19 MP: 4/6
   956 | D:1      | Learned a level 3 spell: Confuse
  1566 | D:2      | Found a stormy altar of Qazlal.
  1648 | D:2      | Found a faded altar of an unknown god.
  1732 | D:2      | Reached XP level 4. HP: 20/24 MP: 5/7
  1966 | D:2      | Reached skill level 4 in Short Blades
  2359 | D:3      | Noticed Shenda's ghost (amateur FoFi)
  2534 | D:3      | Found a glowing silver altar of Zin.
  2736 | D:3      | Killed Shenda's ghost
  2736 | D:3      | Reached skill level 5 in Short Blades
  2736 | D:3      | Reached skill level 4 in Hexes
  2736 | D:3      | Reached XP level 5. HP: 14/28 MP: 2/8
  2899 | D:3      | Found a glowing drain.
  2940 | Sewer    | Entered a sewer
  2990 | Sewer    | Reached XP level 6. HP: 30/32 MP: 9/9
  2994 | Sewer    | Learned a level 2 spell: Ensorcelled Hibernation
  2998 | Sewer    | Learned a level 3 spell: Tukima's Dance
  3342 | Sewer    | Reached skill level 6 in Short Blades
  3342 | Sewer    | Reached skill level 5 in Hexes
  3454 | Sewer    | HP: 7/32 [river rat (5)]
  3726 | Sewer    | Reached XP level 7. HP: 36/36 MP: 10/10
  4007 | Sewer    | Reached skill level 7 in Short Blades
  4626 | D:3      | Reached skill level 6 in Hexes
  5498 | D:3      | Reached skill level 8 in Short Blades
  5498 | D:3      | Reached XP level 8. HP: 41/41 MP: 11/11
  5926 | D:4      | Found a staircase to the Ecumenical Temple.
  5941 | Temple   | Entered the Ecumenical Temple
  5947 | Temple   | Became a worshipper of Warmaster Okawaru
  6132 | D:4      | Reached skill level 1 in Throwing
  6262 | D:4      | You fall through a shaft!
  6262 | D:5      | Entered Level 5 of the Dungeon
  6476 | D:5      | Reached skill level 2 in Throwing
  6515 | D:5      | Found Qotuq's Magic Scroll Emporium.
  6527 | D:5      | Bought a scroll of identify for 28 gold pieces
  6527 | D:5      | Bought a scroll of identify for 28 gold pieces
  6967 | D:5      | HP: 12/41 [orc priest/club (4)]
  7233 | D:5      | Reached skill level 3 in Throwing
  7233 | D:5      | Reached skill level 7 in Hexes
  7328 | D:5      | Found a blossoming altar of Fedhas.
  7710 | D:6      | Reached * piety under Okawaru
  7710 | D:6      | Reached skill level 4 in Throwing
  8262 | D:6      | Reached skill level 3 in Dodging
  8262 | D:6      | Reached XP level 9. HP: 45/45 MP: 12/12
  8414 | D:6      | Reached skill level 8 in Hexes
  8519 | D:6      | Reached skill level 4 in Dodging
  9034 | D:7      | Reached skill level 5 in Dodging
  9270 | D:7      | Found a blossoming altar of Fedhas.
  9454 | D:7      | Reached ** piety under Okawaru
  9454 | D:7      | Reached skill level 6 in Dodging
  9614 | D:7      | Reached skill level 9 in Hexes
 10267 | D:8      | Noticed 4thArraOfDagon's ghost (amateur HaWn)
 10488 | D:7      | Reached skill level 7 in Dodging
 10614 | D:8      | Killed 4thArraOfDagon's ghost
 10698 | D:8      | Reached XP level 10. HP: 50/50 MP: 13/13
 10912 | D:8      | Reached skill level 8 in Dodging
 10930 | D:8      | Reached skill level 10 in Hexes
 10954 | D:8      | Learned a level 3 spell: Dazzling Spray
 11028 | D:8      | Reached *** piety under Okawaru
 11167 | D:8      | Found a basalt altar of Yredelemnul.
 11167 | D:8      | Found an opulent altar of Gozag.
 11590 | D:9      | Found a flagged portal.
 11622 | Bailey   | Entered a bailey
 11645 | Bailey   | Reached skill level 5 in Stealth
 12509 | Bailey   | Reached skill level 6 in Stealth
 12701 | Bailey   | Reached skill level 1 in Invocations
 12954 | Bailey   | Got a bloodstained plate armour
 13208 | D:9      | Found a staircase to the Orcish Mines.
 13268 | D:9      | Reached skill level 2 in Invocations
 13318 | D:9      | HP: 15/51 [orc priest/divine providence (12)]
 13331 | D:8      | Reached skill level 1 in Fighting
 13520 | D:8      | Reached skill level 2 in Fighting
 13676 | D:9      | Reached **** piety under Okawaru
 13755 | D:9      | Found a radiant altar of Vehumet.
 13810 | D:9      | Received a gift from Okawaru
 13810 | D:9      | Reached skill level 3 in Fighting
 13821 | D:9      | Reached skill level 11 in Hexes
 14018 | D:9      | Received a gift from Okawaru
 14132 | D:8      | Reached skill level 4 in Fighting
 14132 | D:8      | Reached XP level 11. HP: 61/61 MP: 14/14
 14576 | D:10     | Entered Level 10 of the Dungeon
 14606 | D:10     | Noticed a hill giant
 14621 | D:10     | Received a gift from Okawaru
 14621 | D:10     | Killed a hill giant
 14621 | D:10     | Reached skill level 5 in Fighting
 14880 | D:10     | Noticed a hill giant
 14896 | D:10     | Killed a hill giant
 14896 | D:10     | Reached skill level 6 in Fighting
 15499 | D:10     | Reached skill level 12 in Hexes
 15763 | D:10     | Reached skill level 7 in Fighting
 15859 | D:10     | Noticed a hill giant
 15881 | D:10     | HP: 19/67 [hill giant (12)]
 16161 | D:10     | Killed a hill giant
 16174 | D:10     | Reached ***** piety under Okawaru
 16349 | D:11     | Noticed a soul eater
 16482 | D:10     | Received a gift from Okawaru
 16590 | D:11     | Noticed a soul eater
 16899 | D:10     | Reached skill level 8 in Fighting
 17122 | D:11     | Noticed an unseen horror
 17375 | D:11     | Noticed a manticore
 17402 | D:11     | Found Roar Ziu's Jewellery Shop.
 17415 | D:11     | Bought an uncursed ring of see invisible for 195 gold pieces
 17477 | D:11     | Noticed Sonja
 17479 | D:11     | Noticed a cyclops
 17493 | D:11     | Cast into level 1 of the Abyss (Sonja)
 17526 | Abyss:1  | Noticed a rakshasa
 17649 | Abyss:1  | Reached XP level 12. HP: 64/74 MP: 13/15
 17723 | Abyss:1  | Noticed a sixfirhy
 17729 | Abyss:1  | Noticed a shadow wraith
 17766 | Abyss:1  | Noticed a starcursed mass
 17818 | Abyss:1  | Noticed a bone dragon
 17919 | Abyss:1  | Reached skill level 7 in Stealth
 17950 | Abyss:1  | Noticed a rakshasa
 17976 | Abyss:1  | Noticed a revenant
 17986 | Abyss:1  | Noticed a wretched star
 18006 | Abyss:1  | Killed from afar by a wretched star

Vault maps used:
D:1:      lemuel_arrival_behind_the_door_large, minmay_shallow_snake_nest
D:2:      lemuel_crystal_altar, first_bread, ecumenical_altar_2
D:3:      nicolae_overflow_crystal_walls, portal_sewer_entry_a, minivault_24
D:5:      fedhas_altar_fruit_tree, serial_shops, nicolae_shop_trees
D:7:      basic_altar
D:8:      gammafunk_temple_overflow_elements, grunt_decor_mini_mirrors,
          blue_anna_alchemist
D:9:      lemuel_ogre_cave, nicolae_overflow_hidden_temple, orc_0_dummy,
          enter_bailey_3, serial_glass, glass_columns_a, glass_columns_b,
          due_unseen_surprise
D:11:     lair_0_dummy, serial_shops, shop, minmay_crystal_water, st_stairs_7,
          uniq_sonja
Temple:   nicolae_temple_no_exploring_needed
Sewer:    sewer_co_tree
Bailey:   bailey_polearm_gnolls_kennysheep, bailey

Skill      XL: |  1  2  3  4  5  6  7  8  9 10 11 12 |
---------------+-------------------------------------+-----
Short Blades   | 2 3 5 6 8 |  8.0
Hexes          | 4 5 6 7 9 11 12 | 12.7
Throwing       | 4 |  4.1
Dodging        | 3 7 8 |  8.4
Stealth        | 6 7 |  7.6
Invocations    | 2 |  2.0
Fighting       | 4 8 |  8.2
Spellcasting   | |  2.0

Action                   |  1- 3 |  4- 6 |  7- 9 | 10-12 || total
-------------------------+-------+-------+-------+-------++-------
Melee: Dagger            |   101 |   120 |   382 |   392 ||   995
       Short sword       |       |       |     4 |       ||     4
       Morningstar       |       |       |       |     5 ||     5
 Fire: Blowgun           |       |       |       |    59 ||    59
Throw: Stone             |     2 |     5 |     1 |       ||     8
       Tomahawk          |       |       |     1 |       ||     1
 Cast: Corona            |    27 |    25 |    53 |    13 ||   118
       Confuse           |       |    27 |   107 |   149 ||   283
       Tukima's Dance    |       |       |    19 |    48 ||    67
       Ensorcelled Hiber |       |       |     1 |    47 ||    48
Invok: Heroism           |       |       |     1 |     4 ||     5
Evoke: Wand              |       |       |       |     3 ||     3
  Use: Scroll            |     5 |     6 |     9 |     8 ||    28
       Potion            |       |       |       |     2 ||     2
 Stab: Sleeping          |     9 |     6 |    20 |    34 ||    69
       Confused          |       |     9 |    46 |    54 ||   109
       Distracted        |       |       |     1 |     2 ||     3
  Eat: Chunk             |    12 |     8 |    41 |    44 ||   105
Armor: Robe              |    21 |    20 |    40 |    17 ||    98
       Leather armour    |       |       |       |    32 ||    32
Dodge: Dodged            |    87 |    70 |   194 |   321 ||   672

Table legend:
 A = Turns spent in this place as a percentage of turns spent in the entire game.
 B = Non-inter-level travel turns spent in this place as a percentage of non-inter-level travel turns spent in the entire game.
 C = Inter-level travel turns spent in this place as a percentage of turns spent in this place.
 D = Turns resting spent in this place as a percentage of non-inter-level travel turns spent in this place.
 E = Turns spent auto-exploring this place as a percentage of non-inter-level travel turns spent in this place.
 F = Non-inter-level travel turns spent in this place divided by the number of levels of this place that you've seen.
                   A       B       C       D       E      F
               +-------+-------+-------+-------+-------+----------------------
         Total | 100.0 | 100.0 |   0.3 |   4.0 |   3.0 | 468.1
       Dungeon |  73.9 |  73.8 |   0.5 |   4.3 |   3.9 | 471.1
        Temple |   0.2 |   0.2 |   0.0 |   0.0 |   0.0 |  14.0
         Abyss |   6.2 |   6.2 |   0.0 |   1.6 |   0.0 | 438.0
         Sewer |   9.0 |   9.0 |   0.0 |   3.6 |   1.3 | 631.0
        Bailey |  10.7 |  10.8 |   0.0 |   3.8 |   0.3 | 757.0
               +-------+-------+-------+-------+-------+----------------------

Vault maps used:
D:1:      lemuel_arrival_behind_the_door_large, minmay_shallow_snake_nest
D:2:      lemuel_crystal_altar, first_bread, ecumenical_altar_2
D:3:      nicolae_overflow_crystal_walls, portal_sewer_entry_a, minivault_24
D:5:      fedhas_altar_fruit_tree, serial_shops, nicolae_shop_trees
D:7:      basic_altar
D:8:      gammafunk_temple_overflow_elements, grunt_decor_mini_mirrors,
          blue_anna_alchemist
D:9:      lemuel_ogre_cave, nicolae_overflow_hidden_temple, orc_0_dummy,
          enter_bailey_3, serial_glass, glass_columns_a, glass_columns_b,
          due_unseen_surprise
D:11:     lair_0_dummy, serial_shops, shop, minmay_crystal_water, st_stairs_7,
          uniq_sonja
Temple:   nicolae_temple_no_exploring_needed
Sewer:    sewer_co_tree
Bailey:   bailey_polearm_gnolls_kennysheep, bailey
